[Event "Titled Tuesday Blitz July 13 2021"]
[White "Maghsoodloo, Parham"]
[Black "Popilski, Gil"]
[WhiteFideId "12539929"]
[BlackFideId "2809060"]
[WhiteElo "2601"]
[BlackElo "2537"]
[Result "0-1"]
[Round "05"]
[TimeControl "180+1"]
[Date "2021.07.13"]
[WhiteClock "0:00:21"]
[BlackClock "0:00:14"]

1. d4 Nf6 2. Nf3 g6 3. Bg5 Bg7 4. c3 d6 5. Nbd2 O-O 6. e4 c5 7. dxc5 dxc5 8. h3 Nc6 9. Bc4 Qc7 10. O-O Na5 11. Be2 Be6 12. Qc1 Nh5 13. Re1 Nf4 14. Bf1 Rad8 15. Nc4 Nxh3+ 16. gxh3 Nxc4 17. Bh6 Ne5 18. Nxe5 Qxe5 19. Bxg7 Kxg7 20. f4 Qh5 21. Qe3 b6 22. a4 Qh4 23. Kh2 Bc8 24. a5 Rd6 25. axb6 axb6 26. e5 Rd7 27. Bb5 Rdd8 28. Bd3 Bxh3 29. Qxh3 Qxh3+ 30. Kxh3 Rxd3+ 31. Kg4 Rd2 32. Ra7 e6 33. b4 cxb4 34. cxb4 Rc8 35. Re4 Rc3 36. Rd4 Rxd4 0-1


[Site "https://www.chess.com"]

[Event "Titled Tuesday Blitz July 13 2021"]
[White "Maksimovic, Bojan"]
[Black "Tologon tegin, Semetei"]
[WhiteFideId "14408120"]
[BlackFideId "13800574"]
[WhiteElo "2439"]
[BlackElo "2224"]
[Result "1-0"]
[Round "05"]
[TimeControl "180+1"]
[Date "2021.07.13"]
[WhiteClock "0:00:53"]
[BlackClock "0:00:41"]

1. e4 c5 2. Nf3 d6 3. d4 cxd4 4. Nxd4 Nf6 5. Nc3 g6 6. Be3 Bg7 7. f3 O-O 8. Qd2 Nc6 9. O-O-O d5 10. exd5 Nxd5 11. Nxc6 bxc6 12. Bd4 Bxd4 13. Qxd4 Qc7 14. Bc4 Nb6 15. Rhe1 e5 16. Qc5 Nd7 17. Qd6 Qb6 18. Bb3 a5 19. Na4 Qb5 20. Kb1 Rb8 21. h4 Ra8 22. h5 Kg7 23. hxg6 hxg6 24. Rh1 Nf6 25. Nc3 Qb8 26. Qxb8 Rxb8 27. Rhe1 Re8 28. g4 Be6 29. Bxe6 Rxe6 30. g5 Nh5 31. Ne4 Nf4 32. Rd7 Nh3 33. Rh1 Nf4 34. Rhd1 Rh8 35. Nd6 Rf8 36. Ne4 Nd5 37. c4 Ne3 38. Rc1 Nf5 39. Ra7 Nd4 40. Rxa5 Nxf3 41. Rf1 Nd4 42. Ra7 Nf5 43. b3 Re7 44. Rxe7 Nxe7 45. Rf6 Rd8 46. Nd6 Rf8 47. Kc2 Ng8 48. Rf1 f6 49. gxf6+ Nxf6 50. a4 Rd8 51. Nb7 Rd7 52. Nc5 Re7 53. a5 e4 54. a6 e3 55. Re1 Ng4 56. Kd3 Nf2+ 57. Ke2 Ng4 58. Ra1 Ra7 59. Kf3 Ne5+ 60. Kxe3 Kf6 61. Ke4 Nf7 62. Rf1+ Ke7 63. Kd4 Kd6 64. Rf6+ Ke7 65. Rxg6 Kf8 66. Rf6 Kg7 67. Rxc6 Nd8 68. Rb6 Kf7 69. Rb7+ Nxb7 70. axb7 Rxb7 71. Nxb7 Ke7 72. Nc5 Kd6 73. b4 Kc7 74. b5 Kb6 75. Nd3 Kc7 76. Kc5 Kb7 77. Kb4 Kc7 78. c5 Kb7 79. Nb2 Kc7 80. Nd1 Kb7 81. Nf2 Kc7 82. Nh1 Kb7 83. Ng3 Kc7 84. Ne2 Kb7 85. Nd4 Kc7 86. Kc4 Kb7 87. Kd5 Kc7 88. b6+ Kb7 89. Nc2 Kb8 90. Nb4 Kb7 91. Kc4 Kb8 92. Kb5 Kb7 93. c6+ Kb8 94. Kc5 Kc8 95. Nd3 Kb8 96. Nf2 Kc8 97. Nd1 Kb8 98. Ne3 Kc8 99. Nf1 Kb8 100. Ng3 Ka8 101. Nh1 Kb8 102. Nf2 Ka8 103. Nh3 Kb8 104. Nf4 Ka8 105. Nh5 Kb8 106. Nf6 Ka8 107. Ng8 Kb8 108. Nh6 Ka8 109. Nf5 Kb8 110. Kd5 Ka8 111. Ke6 Kb8 112. Kf7 Ka8 113. Kg6 Kb8 114. Kg5 Ka8 115. Kf4 Kb8 116. Ke5 Ka8 117. Kd6 Kb8 118. Kd7 Ka8 119. Ng3 Kb8 120. Ne2 Ka8 121. Ng1 Kb8 122. Nf3 Ka8 123. Nh2 Kb8 124. c7+ Ka8 125. c8=Q# 1-0


[Site "https://www.chess.com"]

[Event "Titled Tuesday Blitz July 13 2021"]
[White "Maly, Alexey"]
[Black "German, Sergio"]
[WhiteFideId "14103184"]
[BlackFideId "105104"]
[WhiteElo "2285"]
[BlackElo "2418"]
[Result "0-1"]
[Round "05"]
[TimeControl "180+1"]
[Date "2021.07.13"]
[WhiteClock "0:00:14"]
[BlackClock "0:00:16"]

1. d4 d5 2. c4 c6 3. e3 e6 4. Bd3 f5 5. Nf3 Nh6 6. O-O Bd6 7. b3 O-O 8. Ba3 Nf7 9. Bxd6 Qxd6 10. Nc3 Nd7 11. Qc2 a6 12. Rab1 Nf6 13. b4 Bd7 14. a4 Ne4 15. Rfc1 g5 16. Ne2 g4 17. Ne1 Nxf2 18. Kxf2 Qxh2 19. Nf4 Ng5 20. Ke2 Rf6 21. Kd2 Re8 22. Kc3 e5 23. dxe5 Rxe5 24. Qd2 Qg3 25. Nc2 Be8 26. Kb3 Bf7 27. cxd5 cxd5 28. Ka3 Rc6 29. Re1 d4 30. Nxd4 Rd6 31. Rbc1 Ne4 32. Bxe4 Rxe4 33. Nde2 Rxe3+ 0-1


[Site "https://www.chess.com"]

[Event "Titled Tuesday Blitz July 13 2021"]
[White "Matinian, Nikita"]
[Black "Zhigalko, Sergei"]
[WhiteFideId "24129100"]
[BlackFideId "13502956"]
[WhiteElo "2410"]
[BlackElo "2662"]
[Result "0-1"]
[Round "05"]
[TimeControl "180+1"]
[Date "2021.07.13"]
[WhiteClock "0:00:08"]
[BlackClock "0:00:04"]

1. e4 c5 2. Nf3 Nc6 3. Bb5 Nf6 4. Bxc6 dxc6 5. Nc3 Bg4 6. h3 Bh5 7. d3 Qc7 8. Be3 Nd7 9. g4 Bg6 10. Nh4 e6 11. f4 Be7 12. Nxg6 hxg6 13. Qf3 Bh4+ 14. Bf2 O-O-O 15. O-O-O Kb8 16. Kb1 Rh7 17. e5 Bxf2 18. Qxf2 Rdh8 19. Qe3 g5 20. Ne4 gxf4 21. Qxf4 f6 22. Rdf1 Qxe5 23. Qxe5+ Nxe5 24. Nxc5 Rxh3 25. Rxh3 Rxh3 26. Nxe6 Nxg4 27. Nxg7 Ne3 28. Rg1 Rh2 29. Ne6 a5 30. Nd4 f5 31. a4 f4 32. Rg8+ Ka7 33. Rf8 Rf2 34. Rf7 Kb6 35. b3 Nd5 36. Kb2 Nb4 37. Kc3 c5 38. Rf6+ Kc7 39. Nb5+ Kd7 40. Na3 Nd5+ 0-1


[Site "https://www.chess.com"]

[Event "Titled Tuesday Blitz July 13 2021"]
[White "McDonald, Mike"]
[Black "Pham, Le Thao Nguyen"]
[WhiteFideId "2635682"]
[BlackFideId "12401226"]
[WhiteElo "2363"]
[BlackElo "2286"]
[Result "1-0"]
[Round "05"]
[TimeControl "180+1"]
[Date "2021.07.13"]
[WhiteClock "0:00:21"]
[BlackClock "0:00:10"]

1. e4 c6 2. d4 d5 3. exd5 cxd5 4. c4 e6 5. Nc3 Nf6 6. Nf3 Nc6 7. c5 Be7 8. Bb5 O-O 9. O-O Bd7 10. Bf4 Ne4 11. Re1 f5 12. Bxc6 bxc6 13. Ne5 Be8 14. f3 Nxc3 15. bxc3 g5 16. Bg3 f4 17. Bf2 Rf5 18. Rb1 Bf6 19. Ng4 Bg7 20. Rxe6 Bg6 21. Rb7 Qc8 22. Ree7 Rf7 23. Rxf7 Bxf7 24. Re7 Qd8 25. Re1 Rb8 26. Qa4 Qc7 27. h4 h6 28. hxg5 hxg5 29. Ne5 Be8 30. Qc2 Rb7 31. Qf5 Qd8 32. Qe6+ Kh7 33. Nxc6 Bxc6 34. Qxc6 Rb2 35. a4 Qa5 36. Qxd5 Qxc3 37. Qxg5 Rxf2 38. Qh4+ Kg6 39. Re6+ Kf7 40. Qe7+ Kg8 41. Qe8+ Kh7 42. Qh5+ Kg8 43. Re8+ Bf8 44. Qg6+ Kh8 45. Rxf8# 1-0


[Site "https://www.chess.com"]

[Event "Titled Tuesday Blitz July 13 2021"]
[White "Mezentsev, Ivan"]
[Black "Altman, Joshua"]
[WhiteFideId "13706195"]
[BlackFideId "426210"]
[WhiteElo "2295"]
[BlackElo "1945"]
[Result "0-1"]
[Round "05"]
[TimeControl "180+1"]
[Date "2021.07.13"]
[WhiteClock "0:00:01"]
[BlackClock "0:00:03"]

1. d4 e6 2. Nf3 Nf6 3. Bf4 b6 4. e3 Bb7 5. Be2 Be7 6. h3 O-O 7. O-O c5 8. c3 cxd4 9. exd4 d6 10. a4 a6 11. Re1 Nbd7 12. Na3 h6 13. Qb3 Qc7 14. Bh2 Rfe8 15. Nd2 Bf8 16. Bf3 Rac8 17. Bxb7 Qxb7 18. Nac4 Qc6 19. Ne3 b5 20. axb5 axb5 21. Ra5 Rb8 22. Rea1 Rb7 23. Ra6 Rb6 24. Rxb6 Qxb6 25. Qa2 b4 26. Ndc4 Qb5 27. Qa6 Qxa6 28. Rxa6 bxc3 29. bxc3 d5 30. Nd2 Rc8 31. Nd1 g6 32. Kf1 Kg7 33. Ke2 Be7 34. Kd3 Bf8 35. f3 Kg8 36. g4 Be7 37. Ne3 Ne8 38. c4 dxc4+ 39. Ndxc4 Nef6 40. Ra7 Rd8 41. Bc7 Rc8 42. Bg3 Rd8 43. Bc7 Rc8 44. Bd6 Bxd6 45. Nxd6 Rc6 46. Nec4 Nb6 47. Nxb6 Rxb6 48. Nxf7 Rb3+ 49. Kc4 Rxf3 50. Nxh6+ Kh8 51. Nf7+ Kg8 52. Ne5 Rxh3 53. Nxg6 Nxg4 54. Nf4 Re3 55. Re7 Nf6 56. Nxe6 Re4 57. Kc5 Re1 58. d5 Rc1+ 59. Kd6 Rd1 60. Nc7 Rd2 61. Re6 Nh5 62. Ke7 Nf4 63. Rd6 Re2+ 64. Kd7 Rd2 65. Kc6 Nd3 66. Rd8+ Kf7 67. Rd7+ Kf8 68. Rd8+ Kf7 69. Re8 Nb4+ 70. Kd6 Nxd5 71. Re5 Nxc7+ 72. Kxc7 Rc2+ 0-1


[Site "https://www.chess.com"]

[Event "Titled Tuesday Blitz July 13 2021"]
[White "Mirzoev, Azer"]
[Black "Miszler, Levente"]
[WhiteFideId "13400304"]
[BlackFideId "763276"]
[WhiteElo "2525"]
[BlackElo "1967"]
[Result "1-0"]
[Round "05"]
[TimeControl "180+1"]
[Date "2021.07.13"]
[WhiteClock "0:01:10"]
[BlackClock "0:00:43"]

1. d4 e6 2. Nf3 Nf6 3. Bf4 d5 4. e3 Bd6 5. Bg3 O-O 6. c4 c6 7. Nc3 Ne4 8. Qc2 f5 9. Bxd6 Qxd6 10. Bd3 Nd7 11. O-O Ndf6 12. Ne2 g5 13. Ne5 Nd7 14. f4 g4 15. Rac1 Ndf6 16. Ng3 Nxg3 17. hxg3 Bd7 18. cxd5 cxd5 19. Qc7 Qxc7 20. Rxc7 Bc6 21. Nxc6 bxc6 22. Rxc6 Rfe8 23. Rfc1 Rab8 24. b3 Rb7 25. Kf2 Kf7 26. Ke2 Ree7 27. Rc8 Nh5 28. Kf2 Nf6 29. R1c5 Red7 30. R5c6 Ne8 31. Ke2 Nd6 32. Ra8 Rbc7 33. Rxc7 Rxc7 34. Kd2 Ne8 35. b4 Nf6 36. b5 Nh5 37. a4 Nxg3 38. a5 h5 39. b6 axb6 40. axb6 Rb7 41. Ra7 1-0


[Site "https://www.chess.com"]

[Event "Titled Tuesday Blitz July 13 2021"]
[White "Moskalenko, Alexander"]
[Black "Nguyen, Hong Ngoc"]
[WhiteFideId "4155351"]
[BlackFideId "12403083"]
[WhiteElo "2495"]
[BlackElo "1830"]
[Result "1-0"]
[Round "05"]
[TimeControl "180+1"]
[Date "2021.07.13"]
[WhiteClock "0:00:06"]
[BlackClock "0:00:07"]

1. g3 f5 2. Bg2 Nf6 3. d3 e6 4. c4 Nc6 5. Nf3 d6 6. O-O Be7 7. Nc3 O-O 8. Rb1 e5 9. b4 Qe8 10. b5 Nd8 11. a3 Qh5 12. Bg5 h6 13. Bxf6 Bxf6 14. Nd5 Ne6 15. Nxf6+ Rxf6 16. e3 Qe8 17. d4 e4 18. Nd2 a5 19. h4 Rb8 20. c5 dxc5 21. dxc5 Nxc5 22. Nb3 Nd3 23. Nxa5 Be6 24. Qc2 Qe7 25. a4 g5 26. hxg5 hxg5 27. Nb3 Rh6 28. Nd4 Rh8 29. Rfd1 Nc5 30. Nxe6 Nxe6 31. Rd5 Rf8 32. Qc4 b6 33. Rbd1 Rh6 34. Rd7 Qf6 35. Rxc7 f4 36. exf4 gxf4 37. gxf4 Qxf4 38. Qa2 Qh2+ 39. Kf1 Rg6 40. Ke1 Qxg2 41. Qe2 Qg1+ 42. Qf1 Qxf2+ 43. Qxf2 Rxf2 44. Kxf2 Rf6+ 45. Ke3 Nc5 46. Rd8+ Rf8 47. Rxf8+ Kxf8 48. Rxc5 bxc5 49. b6 1-0


[Site "https://www.chess.com"]

[Event "Titled Tuesday Blitz July 13 2021"]
[White "Navalgund, Niranjan"]
[Black "Zubritskiy, Artyom"]
[WhiteFideId "5030854"]
[BlackFideId "4181247"]
[WhiteElo "2290"]
[BlackElo "2559"]
[Result "0-1"]
[Round "05"]
[TimeControl "180+1"]
[Date "2021.07.13"]
[WhiteClock "0:00:13"]
[BlackClock "0:00:05"]

1. e4 c5 2. d4 cxd4 3. c3 d3 4. Nf3 Nc6 5. Bxd3 g6 6. O-O Bg7 7. c4 d6 8. Nc3 Nf6 9. Be3 Ng4 10. Bd2 O-O 11. h3 Nge5 12. Nxe5 Nxe5 13. Be2 Nc6 14. b3 Bd7 15. Rc1 Rc8 16. Kh1 Re8 17. f4 a6 18. Nd5 e6 19. Ne3 Qb6 20. Ng4 f5 21. Be3 Qc7 22. Nf2 Rcd8 23. Bf3 Ne7 24. Qe2 Bc6 25. Rfd1 Kh8 26. Bd4 e5 27. fxe5 dxe5 28. Bb2 Qc8 29. Rxd8 Qxd8 30. Rd1 Qb6 31. Nd3 fxe4 32. Bxe4 Nf5 33. Kh2 Nd4 34. Qe3 Rf8 35. c5 Qc7 36. Ne1 Nf5 37. Qd3 Bxe4 38. Qxe4 Qxc5 39. Nf3 Nd6 40. Qd5 Qxd5 41. Rxd5 Nf7 42. Rd7 e4 43. Bxg7+ Kxg7 44. Ng5 Kg8 45. Nxe4 Ne5 46. Nf6+ Rxf6 47. Rxb7 h5 48. Kg3 g5 49. h4 g4 50. a4 Kf8 51. b4 Kg8 52. b5 axb5 53. Rxb5 Re6 54. Kf4 Nd3+ 55. Kg5 Kg7 56. Kxh5 Ne5 57. Kg5 g3 58. h5 Nc4 59. Rb7+ Kh8 60. Kh4 Nd6 61. Rb8+ Kh7 62. Kxg3 Ne4+ 63. Kf4 Nc5 64. a5 Rf6+ 65. Kg5 Ra6 66. Rb5 Ne6+ 67. Kh4 Nd4 68. Rd5 Nb3 69. g4 Rxa5 70. Rd7+ Kg8 71. h6 Nc5 72. Rd5 Nb7 73. Rd7 Nc5 74. Rd8+ Kh7 75. Rd5 Kxh6 76. Re5 Kg6 77. Rd5 Kf6 78. Kh5 Ke6 79. Rxc5 Rxc5+ 80. Kh6 Kf6 81. Kh7 Rg5 82. Kh6 Rxg4 83. Kh5 Rf4 0-1


[Site "https://www.chess.com"]

[Event "Titled Tuesday Blitz July 13 2021"]
[White "Nguyen, Quoc Hy"]
[Black "harlem4brew"]
[WhiteFideId "12410853"]
[WhiteElo "1975"]
[BlackElo "2423"]
[Result "1-0"]
[Round "05"]
[TimeControl "180+1"]
[Date "2021.07.13"]
[WhiteClock "0:00:56"]
[BlackClock "0:01:27"]

1. d4 Nf6 2. c4 e6 3. Nc3 d5 4. cxd5 exd5 5. Bg5 Bb4 6. e3 h6 7. Bh4 Qd6 8. Bd3 c6 9. Ne2 O-O 10. O-O Bg4 11. f3 Bh5 12. a3 Ba5 13. b4 Bc7 14. Bg3 Qe7 15. Qd2 Bg6 16. Bxg6 fxg6 17. e4 dxe4 18. fxe4 Bxg3 19. Nxg3 Nbd7 20. e5 Nd5 21. Nxd5 cxd5 22. Rac1 Nb6 23. Qd3 Rxf1+ 24. Nxf1 Kh7 25. Ne3 Qd7 26. h4 Rc8 27. Rxc8 Qxc8 28. h5 Qe6 29. Kf2 Nc4 30. Nxc4 dxc4 31. Qe4 Qf5+ 32. Qxf5 gxf5 33. e6 Kg8 34. d5 Kf8 35. b5 Ke7 36. Ke3 Kf6 37. Kd4 g5 38. hxg6 c3 39. Kxc3 Kxg6 40. d6 Kf6 41. d7 Ke7 42. Kd4 Kxe6 43. d8=Q a6 44. b6 1-0


[Site "https://www.chess.com"]

[Event "Titled Tuesday Blitz July 13 2021"]
[White "Novikov, Evgenij"]
[Black "Julianos82"]
[WhiteFideId "4125380"]
[WhiteElo "2242"]
[BlackElo "2358"]
[Result "1-0"]
[Round "05"]
[TimeControl "180+1"]
[Date "2021.07.13"]
[WhiteClock "0:00:09"]
[BlackClock "0:00:04"]

1. e4 c5 2. Nf3 b6 3. c4 Bb7 4. Nc3 a6 5. Be2 e6 6. O-O Ne7 7. d4 cxd4 8. Nxd4 Ng6 9. Be3 Bc5 10. Nc2 d6 11. Bd2 Qh4 12. b4 Nc6 13. bxc5 dxc5 14. Nd5 exd5 15. exd5 Nd4 16. Nxd4 cxd4 17. g3 Qf6 18. Bb4 a5 19. Ba3 b5 20. Rb1 b4 21. Qa4+ Kf8 22. Bxb4+ axb4 23. Qxb4+ Kg8 24. Qxb7 Re8 25. Bg4 h5 26. Bh3 h4 27. Bg2 Ne5 28. Rb6 Nf3+ 29. Bxf3 Qxf3 30. d6 Qe2 31. Qg2 d3 32. d7 Rd8 33. Rd6 Rh6 34. Rd5 hxg3 35. fxg3 Qe3+ 36. Qf2 Qe6 37. Rxd3 Rxd7 38. Rf3 f6 39. c5 Qg4 40. Rf4 Qe6 41. Re1 Qc6 42. Rfe4 Kh7 43. Qf5+ g6 44. Re7+ Rxe7 45. Rxe7+ Kg8 46. Qc2 Rh5 47. Qxg6+ Kf8 48. Qg7# 1-0


[Site "https://www.chess.com"]

[Event "Titled Tuesday Blitz July 13 2021"]
[White "Ogloblin, Nikolay"]
[Black "Michailov, Matias"]
[WhiteFideId "4139658"]
[BlackFideId "3001571"]
[WhiteElo "2244"]
[BlackElo "2231"]
[Result "1/2-1/2"]
[Round "05"]
[TimeControl "180+1"]
[Date "2021.07.13"]
[WhiteClock "0:00:11"]
[BlackClock "0:00:12"]

1. d4 Nf6 2. Nf3 g6 3. c4 Bg7 4. Nc3 O-O 5. Bg5 d6 6. e3 c5 7. d5 b5 8. cxb5 a6 9. a4 Qa5 10. Nd2 axb5 11. Bxb5 Ba6 12. O-O Nbd7 13. Ra3 Nb6 14. e4 h6 15. Bh4 Rfb8 16. Qe2 g5 17. Bg3 Nfd7 18. h4 Ne5 19. hxg5 hxg5 20. Bxa6 Qxa6 21. Qxa6 Rxa6 22. b3 Nd3 23. Nb5 Rc8 24. Rb1 Nb4 25. a5 Nd7 26. Nc4 Nf6 27. f3 Nh5 28. Bf2 Nf4 29. Ra4 Nfd3 30. Nb6 Rd8 31. Na3 Be5 32. Nac4 Bf6 33. g3 Kg7 34. Kg2 Rh8 35. Be3 e6 36. Rh1 Rxh1 37. Kxh1 exd5 38. Nxd5 Nxd5 39. exd5 Nb4 40. Bd2 Nxd5 41. Kg2 Kg6 42. Ne3 Nxe3+ 43. Bxe3 Be5 44. Bd2 Kf5 45. f4 gxf4 46. gxf4 Bd4 47. Kf3 Ke6 48. Ke4 f5+ 49. Kd3 Kd5 50. Ra2 Kc6 51. b4 Kb5 52. bxc5 dxc5 53. Be1 Rd6 54. Kc2 c4 55. Bd2 Re6 56. Ra3 Re2 57. a6 Ba7 58. Kd1 Rh2 59. Bc3 Kc6 60. Be5 Kd5 61. Ra5+ Ke4 62. Rb5 Kd3 63. Rd5+ Ke4 64. Rd7 Be3 65. a7 Ra2 66. Re7 Kd3 67. Rd7+ Ke4 68. Re7 Kf3 69. Bb8 c3 70. Rc7 Bxf4 71. Rxc3+ Ke4 72. Rc4+ Kd3 73. Bxf4 Ra1+ 74. Rc1 Rxa7 75. Ke1 Ke4 76. Bd2 Rh7 77. Rc4+ Kd3 78. Rc3+ Ke4 79. Ra3 f4 80. Ke2 Rh2+ 81. Kd1 f3 82. Re3+ Kf4 83. Re8+ Kg3 84. Rg8+ Kf2 85. Be1+ Kf1 86. Rf8 f2 87. Bxf2 Rxf2 88. Rxf2+ Kxf2 1/2-1/2


[Site "https://www.chess.com"]

[Event "Titled Tuesday Blitz July 13 2021"]
[White "Omk124"]
[Black "Nguyen Hong Nhung"]
[BlackFideId "12412201"]
[WhiteElo "2594"]
[BlackElo "1661"]
[Result "0-1"]
[Round "05"]
[TimeControl "180+1"]
[Date "2021.07.13"]
[WhiteClock "0:02:01"]
[BlackClock "0:01:07"]

1. e4 c5 2. Nf3 e6 3. d4 cxd4 4. Nxd4 Nc6 5. Nc3 Qc7 6. g3 a6 7. Bg2 Nf6 8. O-O Bc5 9. Be3 Nxd4 10. Qxd4 Bxd4 11. Bxd4 d6 12. a4 O-O 13. a5 Bd7 14. Rfd1 Bc6 15. Bb6 Qe7 16. Rd2 Nd7 17. Be3 f5 18. Rad1 Ne5 19. b3 Rad8 20. h4 fxe4 21. Bg5 Qf7 22. Bxd8 Rxd8 23. Rxd6 Rxd6 24. Rxd6 Nf3+ 25. Kf1 Qf6 26. Nd1 Qa1 27. Ke2 Qxa5 28. c3 Qa2+ 29. Ke3 Qxb3 30. Kf4 e5+ 31. Kf5 Qf7+ 32. Kg4 Bd7+ 0-1


[Site "https://www.chess.com"]

[Event "Titled Tuesday Blitz July 13 2021"]
[White "Onyshchuk, Volodymyr"]
[Black "AleksanderHnydiuk"]
[WhiteFideId "14114038"]
[WhiteElo "2603"]
[BlackElo "2600"]
[Result "1-0"]
[Round "05"]
[TimeControl "180+1"]
[Date "2021.07.13"]
[WhiteClock "0:00:11"]
[BlackClock "0:00:04"]

1. Nf3 Nf6 2. g3 d5 3. Bg2 e6 4. O-O Be7 5. d3 O-O 6. Nbd2 c5 7. e4 Nc6 8. e5 Nd7 9. Re1 b5 10. Nf1 Bb7 11. h4 b4 12. h5 a5 13. h6 g6 14. N1h2 a4 15. Ng4 a3 16. b3 f5 17. exf6 Nxf6 18. Bh3 Nxg4 19. Bxg4 e5 20. Nxe5 Nxe5 21. Rxe5 Bf6 22. Be6+ Kh8 23. Qe2 Bxe5 24. Qxe5+ Qf6 25. Bf4 Rae8 26. Re1 g5 27. Qxf6+ Rxf6 28. Be5 Rf8 29. Bxf6+ Rxf6 30. Bc8 Bc6 31. Re6 Rxe6 32. Bxe6 c4 33. bxc4 dxc4 34. Bxc4 g4 35. Kf1 Bd5 36. Ke2 Bf3+ 37. Ke3 Bd1 38. Bb3 Bf3 39. d4 Bd1 40. Kf4 Bf3 41. Ke5 Be2 42. Kf6 Bf3 43. Ke5 Be2 44. d5 Kg8 45. d6+ Kf8 46. Kf6 Bb5 47. Be6 Ke8 48. Kg7 Bd7 49. Bxd7+ Kxd7 50. Kxh7 1-0


[Site "https://www.chess.com"]

[Event "Titled Tuesday Blitz July 13 2021"]
[White "Ozates, Tuna"]
[Black "Torkkola, Henri"]
[WhiteFideId "6354521"]
[BlackFideId "507660"]
[WhiteElo "1872"]
[BlackElo "2137"]
[Result "1-0"]
[Round "05"]
[TimeControl "180+1"]
[Date "2021.07.13"]
[WhiteClock "0:01:44"]
[BlackClock "0:00:01"]

1. e4 d6 2. d4 Nf6 3. Nc3 e5 4. Nf3 Nbd7 5. Bc4 Be7 6. O-O O-O 7. a4 c6 8. Qe2 exd4 9. Nxd4 Re8 10. Rd1 d5 11. exd5 Bc5 12. Qf1 Nb6 13. Bb3 cxd5 14. a5 Nc4 15. Bg5 Nxb2 16. Nxd5 Nxd1 17. Rxd1 Qxa5 18. Bxf6 Be6 19. Nxe6 Rxe6 20. Bc3 Qa6 21. Qxa6 bxa6 22. Nc7 Rc8 23. Nxe6 1-0


[Site "https://www.chess.com"]

[Event "Titled Tuesday Blitz July 13 2021"]
[White "Ozen, Bahadir"]
[Black "Priasmoro, Novendra"]
[WhiteFideId "6337058"]
[BlackFideId "7105029"]
[WhiteElo "2503"]
[BlackElo "2309"]
[Result "1-0"]
[Round "05"]
[TimeControl "180+1"]
[Date "2021.07.13"]
[WhiteClock "0:00:08"]
[BlackClock "0:00:10"]

1. Nf3 Nf6 2. d4 g6 3. e3 Bg7 4. Be2 O-O 5. O-O d6 6. c4 Nc6 7. d5 Nb8 8. Nc3 c6 9. e4 cxd5 10. exd5 a5 11. Be3 Na6 12. Nd4 Nc5 13. Qc2 Bd7 14. Rac1 Re8 15. Rfd1 Ng4 16. Bxg4 Bxg4 17. f3 Bd7 18. Qd2 Rc8 19. Bh6 Bh8 20. Re1 Qb6 21. Be3 Qb4 22. b3 a4 23. Rb1 axb3 24. axb3 Ra8 25. Qc2 Ra6 26. g4 Bf6 27. Bf2 Rea8 28. h3 Ra3 29. Ne4 Nxe4 30. Qxe4 Ra2 31. Re2 Rxe2 32. Qxe2 Qc3 33. Rd1 Ra1 34. Kg2 Be5 35. Rxa1 Qxa1 36. Qe3 Qb2 37. Ne2 e6 38. f4 Bg7 39. dxe6 fxe6 40. Nd4 e5 41. fxe5 Bxe5 42. Nf3 Bc6 43. Kg1 Qb1+ 44. Kg2 Qd1 45. b4 b6 46. b5 Bb7 47. h4 Kf7 48. h5 Kg7 49. h6+ Kf7 50. Bg3 Bxg3 51. Kxg3 Qxf3+ 52. Qxf3+ Bxf3 53. Kxf3 Kf6 54. Kf4 g5+ 55. Ke4 Kg6 56. Kd5 Kxh6 57. Kxd6 Kg6 58. c5 h5 59. cxb6 hxg4 60. b7 g3 61. b8=Q g2 62. Qb6 Kf5 63. Qf2+ 1-0


[Site "https://www.chess.com"]

[Event "Titled Tuesday Blitz July 13 2021"]
[White "Pan, Kevin"]
[Black "Papasimakopoulos, Alexandros"]
[WhiteFideId "30915708"]
[BlackFideId "4244125"]
[WhiteElo "2140"]
[BlackElo "2352"]
[Result "0-1"]
[Round "05"]
[TimeControl "180+1"]
[Date "2021.07.13"]
[WhiteClock "0:00:06"]
[BlackClock "0:00:45"]

1. e4 e6 2. d4 d5 3. Nc3 Bb4 4. e5 b6 5. a3 Bf8 6. Nf3 Ne7 7. g3 Ba6 8. Bg2 c5 9. Ne2 cxd4 10. O-O Nbc6 11. Re1 Nf5 12. Nexd4 Nfxd4 13. Nxd4 Qd7 14. Bf4 Nxd4 15. Qxd4 Bc5 16. Qd1 O-O 17. Qg4 Kh8 18. Rad1 Qa4 19. c3 Rac8 20. h4 Qc2 21. Rd2 Qg6 22. Qh3 h5 23. Bf3 Rfd8 24. Red1 Bc4 25. Bg5 Rd7 26. Bxd5 Bxd5 27. Rxd5 Rxd5 28. Rxd5 Qb1+ 29. Kh2 Bxf2 30. Kg2 Qg1+ 31. Kf3 Bc5 32. Rd7 Qf2+ 33. Ke4 Qe2+ 34. Kf4 Be3+ 35. Ke4 Bxg5+ 0-1


[Site "https://www.chess.com"]

[Event "Titled Tuesday Blitz July 13 2021"]
[White "Paravyan, David"]
[Black "De Silva, L M S T"]
[WhiteFideId "4194985"]
[BlackFideId "9953698"]
[WhiteElo "2562"]
[BlackElo "1621"]
[Result "1-0"]
[Round "05"]
[TimeControl "180+1"]
[Date "2021.07.13"]
[WhiteClock "0:02:16"]
[BlackClock "0:00:59"]

1. c4 e5 2. Nc3 Nf6 3. d3 Nc6 4. Nf3 d5 5. cxd5 Nxd5 6. g3 Be7 7. Nxd5 Qxd5 8. Bg2 O-O 9. O-O Qd8 10. Bd2 Be6 11. Bc3 Bd6 12. d4 exd4 13. Nxd4 Nxd4 14. Qxd4 f6 15. Bxb7 Be5 16. Qxd8 Raxd8 17. Bxe5 fxe5 18. Rfd1 Rb8 19. Bd5 Bxd5 20. Rxd5 Rxb2 21. Rxe5 Rd8 22. Rc1 Rd7 23. a4 Ra2 24. a5 h6 25. h4 Kh7 26. Kg2 c6 27. Rxc6 Rdd2 28. Rc7 a6 29. Ra7 Rd6 30. Ree7 Rg6 31. Re5 Rd6 32. Rb7 Rdd2 33. Ree7 Rxe2 34. Rxg7+ Kh8 35. Rgf7 Kg8 36. Rf5 1-0


[Site "https://www.chess.com"]

[Event "Titled Tuesday Blitz July 13 2021"]
[White "Peralta, Eduardo"]
[Black "Samsonkin, Artiom"]
[WhiteFideId "3700062"]
[BlackFideId "13503111"]
[WhiteElo "2205"]
[BlackElo "2513"]
[Result "1-0"]
[Round "05"]
[TimeControl "180+1"]
[Date "2021.07.13"]
[WhiteClock "0:00:25"]
[BlackClock "0:00:02"]

1. d4 Nf6 2. c4 e6 3. Nc3 Bb4 4. e3 O-O 5. Ne2 d5 6. a3 Bd6 7. cxd5 exd5 8. Nb5 Be7 9. Ng3 c6 10. Nc3 Re8 11. Be2 Bd6 12. O-O a5 13. Bd2 Na6 14. Rc1 Bd7 15. Bd3 g6 16. Qb3 b5 17. e4 a4 18. Qa2 b4 19. Nxa4 Nxe4 20. Nxe4 dxe4 21. Bc4 Be6 22. Bxe6 Rxe6 23. Be3 Nc7 24. Nc5 Rb8 25. Nxe6 Nxe6 26. Rxc6 b3 27. Qb1 f5 28. Qc1 Qd7 29. d5 Nd8 30. Rxd6 Qxd6 31. Bf4 Qb6 32. Bxb8 Qxb8 33. Qc4 Nf7 34. d6 Qxd6 35. Qxb3 f4 36. Rd1 Qe5 37. Qc3 Qe6 38. Rc1 Nd6 39. a4 f3 40. gxf3 exf3 41. Qxf3 Nf5 42. Qc6 Qe5 43. Qc8+ 1-0


[Site "https://www.chess.com"]

[Event "Titled Tuesday Blitz July 13 2021"]
[White "Pert, Richard G"]
[Black "Odegov, Artem"]
[WhiteFideId "404748"]
[BlackFideId "34183644"]
[WhiteElo "2441"]
[BlackElo "2288"]
[Result "1-0"]
[Round "05"]
[TimeControl "180+1"]
[Date "2021.07.13"]
[WhiteClock "0:00:11"]
[BlackClock "0:00:09"]

1. d4 Nf6 2. Bg5 Ne4 3. Bf4 d5 4. e3 g6 5. Bd3 Bg7 6. Bxe4 dxe4 7. Nc3 f5 8. f3 O-O 9. fxe4 c5 10. e5 e6 11. Nf3 Nc6 12. Qd2 Qa5 13. O-O-O b5 14. d5 Rd8 15. Bg5 Rd7 16. dxc6 Rxd2 17. Rxd2 h6 18. Bf6 b4 19. Nb1 g5 20. Rd8+ Kh7 21. Rhd1 Kg6 22. Rg8 Ba6 23. Rxa8 Bxf6 24. exf6 Kxf6 25. Rf8+ Kg7 26. Rfd8 Qxa2 27. c7 Kf6 28. c8=Q Bxc8 29. Rxc8 Qc4 30. Rf8+ Kg7 31. Rfd8 Qg4 32. R8d7+ Kg6 33. Ne5+ Kh5 34. Nxg4 fxg4 35. R7d6 g3 36. hxg3 b3 37. cxb3 a5 38. Rxe6 a4 39. Rh1+ Kg4 40. bxa4 c4 41. Rhxh6 c3 42. Nxc3 Kf5 43. Rhf6+ Kg4 44. Re4+ Kh5 45. Rf5 Kg6 46. Rxg5+ Kxg5 47. Rb4 Kf5 48. a5 Kg5 49. a6 Kf5 50. a7 Ke5 51. a8=Q Kf6 52. Qa6+ Ke7 53. Rb7+ Kd8 54. Qa8# 1-0


[Site "https://www.chess.com"]